 Dungeon Crawl Stone Soup version 0.30-a0-879-ga8ba668304 (webtiles) character file.

Game seed: 10264928636945640777

112 jimonade the Magician (level 5, -4/30 (38) HPs)
             Began as a Djinni Warper on Mar 12, 2023.
             Slain by a phantom (7 damage)
             ... on level 4 of the Dungeon.
             The game lasted 00:06:08 (2569 turns).

jimonade the Magician (Djinni Warper)               Turns: 2569, Time: 00:06:09

HP:   -4/30 (38)    AC:  4    Str: 12    XL:     5   Next: 16%
Gold: 103           EV: 12    Int: 14    God:
                    SH:  0    Dex: 13

rFire   + + +      SeeInvis .    a - +2 quarterstaff (chaos)
rCold   x . .      Faith    .    (shield currently unavailable)
rNeg    . . .      Spirit   .    p - +0 leather armour
rPois   ∞          Reflect  .    (no helmet)
rElec   .          Rampage  .    A - +0 cloak
rCorr   .                        (no gloves)
Will    .....                    (boots unavailable)
Stlth   +                        j - amulet of regeneration
HPRegen 1.05/turn                i - ring of wizardry
MPRegen 0.00/turn                m - ring of protection from fire

@: flying, heavily drained
A: sickness immunity, fire resistance 2, cold vulnerability 1, float, innate
caster, HP casting, extra vitality 1
a: no special abilities


You were on level 4 of the Dungeon.
You visited 1 branch of the dungeon, and saw 4 of its levels.

You collected 103 gold pieces.

Inventory:

Hand Weapons
 a - a +2 quarterstaff of chaos (weapon)
 k - a +0 falchion
 o - a +0 whip
 u - a +0 spear
 v - a +0 mace
 x - a +0 quarterstaff
 z - a +0 short sword of draining
 B - a +0 arbalest
 H - a +0 lajatang
Missiles
 d - 7 boomerangs of dispersal
 e - 26 stones
 h - 4 silver boomerangs
 t - 12 poisoned darts
Armour
 p - a +0 leather armour (worn)
 A - a +0 cloak (worn)
 I - a +0 pair of gloves
Magical Staves
 b - a staff of death
Jewellery
 i - a ring of wizardry (left hand)
 j - an amulet of regeneration (around neck)
 m - a ring of protection from fire (right hand)
Wands
 y - a wand of polymorph (5)
Scrolls
 c - a scroll of blinking
 f - 2 scrolls of teleportation {unknown}
 l - 6 scrolls of identify {unknown}
 r - a scroll of poison {unknown}
 w - 2 scrolls of magic mapping {unknown}
 C - a scroll of fog {unknown}
 F - a scroll of enchant armour {unknown}
 G - a scroll of enchant weapon {unknown}
Potions
 g - a potion of mutation {unknown}
 n - 4 potions of curing {unknown}
 q - 2 potions of lignification {unknown}
 s - a potion of cancellation {unknown}
 D - a potion of heal wounds {unknown}
 E - a potion of brilliance {unknown}


   Skills:
 - Level 2.0 Fighting
 - Level 1.5 Polearms
 - Level 0.7 Throwing
 - Level 1.0 Armour
 - Level 2.1 Dodging
 + Level 4.2 Spellcasting


You knew the following spells:

 Your Spells              Type           Power      Damage    Failure   Level
a - Blink                 Tloc           28%        N/A       2%          2
b - Lesser Beckoning      Tloc           28%        N/A       2%          2
c - Vhi's Electric Charg  Tloc/Air       28%        N/A       4%          3
d - Teleport Other        Tloc           14%        N/A       4%          3
e - Manifold Assault      Tloc           14%        N/A       16%         4
f - Kiss of Death         Conj/Necr      56%        2d9       1%          1
g - Searing Ray           Conj           28%        2d5       2%          2
Your spell library was empty.

Dungeon Overview and Level Annotations

Branches:
Dungeon (4/15)
 Temple: D:4-7

Altars:
Elyvilon


Innate Abilities, Weirdness & Mutations

You are immune to sickness and miasma.
You are immune to poison.
Your flesh is very heat resistant. (rF++)
You are vulnerable to cold. (rC-)
You float through the air rather than walking.
You learn spells naturally, not from books.
Your magical power is your life essence.
You have superior vitality. (+4 MHP)


Message History

Found 15 gold pieces.
Unknown command.
Casting: Searing Ray (safe; 2% risk of failure)
Confirm with . or Enter, or press ? or * to list all spells.
Charge where?
Press: ? - help, Dir - move target, f - phantom
Aim: a phantom (69% to hit)
You charge forward with an electric crackle!
You barely miss the phantom. The phantom hits you.
You closely miss the phantom. The phantom misses you.
You closely miss the phantom. The phantom closely misses you.
You miss the phantom. The phantom hits you.
You barely miss the phantom. The phantom closely misses you.
The phantom hits you but does no damage.
You sock the phantom!
The phantom is moderately damaged.
The phantom hits you but does no damage.
You barely miss the phantom.
The phantom is moderately damaged.
The phantom hits you.
The phantom blinks!
You blink.
You barely miss the phantom.
The phantom is moderately damaged.
The phantom closely misses you.
You sock the phantom!
The phantom seems to speed up.
The phantom is heavily damaged.
The phantom hits you.
The phantom blinks!
You blink.
A black bear, a quokka and a giant cockroach come into view.
The phantom hits you.
The phantom blinks!
You blink.
Found 5 poisoned darts and a scroll labelled BOUPYA FUXKI.
The giant cockroach moves out of view.
The phantom hits you. The phantom completely misses you.
The phantom attacks as you move away! The phantom hits you!
* * * LOW HITPOINT WARNING * * *
The black bear growls angrily.
The phantom hits you!
* * * LOW HITPOINT WARNING * * *
The phantom attacks as you move away! The phantom barely misses you.
The phantom hits you but does no damage.
The phantom attacks as you move away! The phantom hits you!
You die...

#.....# #############.###§#
..............#...#
###############.#############
#...................#
#.#####.###########.#
#.#...#...$..... #.#
#.#?#.#......... #.#
#.....##@###### #.#
..#.....#WB.# #.#
...(.....hr...# #.#
#................... #.#
#.....#+#.#.######## #.#
...... ....... #.#
############### #.# #.#
#.#####


You could see a black bear, a phantom (fast), a quokka and a giant cockroach.

Vanquished Creatures
  Crazy Yiuf (D:2)
  An adder (D:2)
  2 worms
  2 dart slugs (D:1)
  2 orcs (D:3)
  3 ball pythons
  4 endoplasms
  4 giant cockroaches
  2 goblins (D:1)
  7 hobgoblins
  8 jackals
  5 kobolds
  2 quokkas (D:1)
  4 bats
  6 frilled lizards
  6 rats
59 creatures vanquished.

Notes
Turn   | Place    | Note
-------+----------+-------------------------------------------
     0 | D:1      | jimonade the Djinni Warper began the quest for the Orb.
     0 | D:1      | jimonade set off with the following spells memorised:
                  | Blink, Lesser Beckoning, Vhi's Electric Charge, Teleport
                  | Other, Manifold Assault.
     0 | D:1      | Reached XP level 1. HP: 18/18 MP: 0/0
   106 | D:1      | Reached XP level 2. HP: 19/23 MP: 0/0
   267 | D:1      | Reached skill level 3 in Spellcasting
   334 | D:1      | HP: 1/23 [kobold/+0 club (1)]
   459 | D:1      | Reached XP level 3. HP: 23/28 MP: 0/0
   459 | D:1      | Learned a level 1 spell: Kiss of Death
   959 | D:2      | Reached XP level 4. HP: 33/33 MP: 0/0
  1177 | D:2      | Found a runed translucent door.
  1178 | D:2      | Noticed Crazy Yiuf
  1710 | D:2      | Killed Crazy Yiuf
  1711 | D:2      | Reached skill level 4 in Spellcasting
  1914 | D:3      | Found a white marble altar of Elyvilon.
  1951 | D:3      | Reached XP level 5. HP: 29/29 MP: 0/0
  1951 | D:3      | Learned a level 2 spell: Searing Ray
  2545 | D:4      | Noticed a phantom
  2563 | D:4      | Noticed a black bear
  2566 | D:4      | HP: 1/30 [phantom (7)]
  2569 | D:4      | Slain by a phantom

Illustrated notes

Levels and vault maps discovered:
D:1:      dpeg_arrival_round_c, layout_basic, minmay_lizard_pond
D:2:      layout_basic, uniq_crazy_yiuf_cottage
D:3:      layout_rooms, elyvilon_altar_3, kennysheep_orc_sif_temple,
          serial_rivers, chequers_serial_rivers_micro_c,
          chequers_serial_rivers_small_3, chequers_serial_rivers_micro_b,
          chequers_serial_rivers_small_3, chequers_serial_rivers_marsh,
          chequers_serial_rivers_micro_c
D:4:      layout_basic, nicolae_ru_sacrificial_ziggurat, sigmund_army

Skill      XL: |  1  2  3  4 |
---------------+-------------+-----
Spellcasting   | 3 4 |  4.2
Fighting       | |  2.0
Polearms       | |  1.5
Throwing       | |  0.7
Armour         | |  1.0
Dodging        | |  2.1

Action                     |  1- 3 |  4- 6 || total
---------------------------+-------+-------++-------
  Melee: Spear             |   172 |    37 ||   209
         Punch             |     1 |       ||     1
         Quarterstaff      |       |    29 ||    29
         Short sword       |       |    16 ||    16
   Cast: Kiss of Death     |       |     2 ||     2
         Searing Ray       |       |     8 ||     8
         Vhi's Electric Ch |       |     1 ||     1
   Stab: Sleeping          |     1 |       ||     1
 Armour: Leather armour    |    43 |    26 ||    69
  Dodge: Dodged            |    76 |    49 ||   125

Table legend: (Time is in decaauts)
 A = Elapsed time spent in this place.
 B = Non-inter-level travel time spent in this place.
 C = Inter-level travel time spent in this place.
 D = Time resting spent in this place.
 E = Time spent auto-exploring this place.
 F = Levels seen in this place.
 G = Mean time per level.
                   A        B        C        D        E       F      G
               +--------+--------+--------+--------+--------+-----+--------+
         Total |   2578 |   2491 |     87 |     85 |   1542 |   4 |  644.5 |
       Dungeon |   2578 |   2491 |     87 |     85 |   1542 |   4 |  644.5 |
               +--------+--------+--------+--------+--------+-----+--------+

Top non-repeatable levels by time:
     D:1: 937 daAuts
     D:2: 831 daAuts
     D:3: 538 daAuts
     D:4: 270 daAuts
